 Dungeon Crawl Stone Soup version 0.20.0 (webtiles) character file.

826 Blackhawk the Poker (level 7, -6/93 HPs)
             Began as a Purple Draconian Berserker on July 18, 2017.
             Was a Priest of Trog.
             Mangled by an orc warrior
             ... wielding a +0 halberd
              (17 damage)
             ... on level 4 of the Dungeon.
             The game lasted 00:14:24 (3789 turns).

Blackhawk the Poker (Purple Draconian Berserker)    Turns: 3789, Time: 00:14:24

Health: -6/93      AC: -2    Str: 26    XL:     7   Next: 64%
Magic:  7/7        EV: 12    Int:  7    God:    Trog [***...]
Gold:   177        SH:  0    Dex: 11    Spells: 6/6 levels left

rFire    . . .     SeeInvis .   g - -1 battleaxe (curse)
rCold    . . .     Gourm    .   (shield currently unavailable)
rNeg     . . .     Faith    .   (armour unavailable)
rPois    .         Spirit   .   (helmet restricted)
rElec    .         Reflect  .   (no cloak)
rCorr    .         Harm     .   (no gloves)
MR       +....                  (no boots)
Stlth    ..........             (no amulet)
Regen    0.3/turn               (no ring)
MPRegen  0.1/turn               (no ring)

@: berserking, corroded, very quick
A: breathe power, unfitting armour, cold-blooded, AC +6
a: Breathe Dispelling Energy, Berserk, Trog's Hand, Burn Spellbooks, Renounce
Religion


You were on level 4 of the Dungeon.
You worshipped Trog.
Trog was most pleased with you.
You were not hungry.

You visited 1 branch of the dungeon, and saw 4 of its levels.

You collected 177 gold pieces.

Inventory:

Hand Weapons
 a - a +0 spear
 g - a cursed -1 battleaxe (weapon)
Missiles
 p - 32 arrows
Armour
 k - a +0 scale mail
Jewellery
 i - a cursed ring of teleportation {unknown}
Wands
 b - a wand of flame (12/48)
 r - a wand of disintegration (18/24)
Scrolls
 d - 6 scrolls of identify {unknown}
 e - 2 scrolls of teleportation {unknown}
 h - 3 scrolls of random uselessness {unknown}
 m - a scroll of remove curse {unknown}
 n - a scroll of enchant armour {unknown}
 o - a scroll of amnesia {unknown}
 q - a scroll of recharging {unknown}
Potions
 c - 2 potions of invisibility {unknown}
 f - 2 potions of agility {unknown}
 j - 4 potions of curing {unknown}
 l - a potion of haste
 u - a potion of brilliance {unknown}
 v - a potion of degeneration {unknown}
Comestibles
 s - a bread ration
 t - 3 chunks of flesh


   Skills:
 + Level 5.9 Fighting
 + Level 5.0(6.3) Axes
 + Level 5.9(6.8) Polearms
 - Level 2.7 Dodging


You had 6 spell levels left.
You didn't know any spells.

Dungeon Overview and Level Annotations

Branches:
Dungeon (4/15)             Temple (0/1) D:4

Altars:
Gozag
Hepliaklqana
Qazlal
Vehumet
Xom

Annotations:
D:4 1 transporter


Innate Abilities, Weirdness & Mutations

You can breathe bolts of dispelling energy.
Your rich purple scales are hard. (AC +6)
You cannot fit into any form of body armour.
You are cold-blooded and may be slowed by cold attacks.


Message History

You feel yourself moving faster!
You feel mighty!
You feel a lot more hungry.
The centaur shoots an arrow.
The arrow closely misses you. The orc warrior misses you.
The jelly barely misses you.
You are too injured to fight recklessly!
You slice the jelly!!
You kill the jelly!
Trog accepts your kill.
Your base Axes skill increases to level 5!
The centaur shoots an arrow.
The arrow barely misses you.
The orc warrior hits you from afar with a halberd!!
* * * LOW HITPOINT WARNING * * *
You slash the centaur!
The centaur is severely wounded.
The centaur unwields an uncursed shortbow.
The centaur hits you.
* * * LOW HITPOINT WARNING * * *
You closely miss the centaur.
The centaur is severely wounded.
The orc warrior hits you from afar with a halberd!
You die...

... #..)........# ###
##########..##
...........##########
.#########..)).......
##...©...##.###.#####
#8$.#.#..8#.# >#
#!%#...#..#.## .#
#.!......o#..##.#
#_(....@c.#©....#
#.(.......#..####
#.?.#.#...#.##
#8$#?..#.8#.# #
.......##.#
#########..#
.).........##
############


You could see an orc warrior and a centaur.

Vanquished Creatures
  The ghost of Llamajah the Shield-Bearer, an amateur MiFi (D:3)
  Menkaure (D:4)
  A phantom (D:4)
  4 crimson imps (D:3)
  2 hounds (D:4)
  A jelly (D:4)
  3 orc priests
  An orc wizard (D:4)
  2 adders
  A gnoll (D:1)
  2 oozes
  2 worms (D:3)
  3 dart slugs (D:1)
  A leopard gecko (D:2)
  17 orcs
  7 bats
  3 giant cockroaches
  4 hobgoblins
  3 jackals (D:2)
  5 kobolds
  2 ball pythons
  5 frilled lizards
  7 goblins
  8 rats
86 creatures vanquished.

Vanquished Creatures (others)
  An ooze (D:3)
1 creature vanquished.

Grand Total: 87 creatures vanquished

Notes
Turn   | Place    | Note
-------+----------+-------------------------------------------
     0 | D:1      | Blackhawk the Draconian Berserker began the quest for the Orb.
     0 | D:1      | Reached XP level 1. HP: 19/19 MP: 1/1
   295 | D:1      | Reached XP level 2. HP: 25/26 MP: 2/2
   803 | D:1      | Reached XP level 3. HP: 33/33 MP: 3/3
  1197 | D:2      | Reached ** piety under Trog
  1232 | D:2      | Reached XP level 4. HP: 35/41 MP: 4/4
  1604 | D:3      | Found a shimmering altar of Xom.
  1626 | D:3      | Reached XP level 5. HP: 40/47 MP: 5/5
  1679 | D:3      | Reached skill level 5 in Polearms
  1814 | D:3      | Found a hazy altar of Hepliaklqana.
  1838 | D:3      | Reached skill level 5 in Fighting
  2113 | D:3      | Reached XP level 6. HP: 55/56 MP: 6/6
  2222 | D:3      | Noticed Llamajah's ghost (amateur MiFi)
  2237 | D:3      | Killed Llamajah's ghost
  2237 | D:3      | Reached skill level 1 in Axes
  2641 | D:3      | Found a stormy altar of Qazlal.
  2730 | D:3      | Found a radiant altar of Vehumet.
  2837 | D:4      | Your scales start taking on a rich purple colour.
  2837 | D:4      | Reached XP level 7. HP: 48/61 MP: 7/7
  2870 | D:4      | Reached *** piety under Trog
  3393 | D:4      | Found a staircase to the Ecumenical Temple.
  3393 | D:4      | Noticed Menkaure
  3400 | D:4      | Killed Menkaure
  3784 | D:4      | Found an opulent altar of Gozag.
  3787 | D:4      | Reached skill level 5 in Axes
  3789 | D:4      | Mangled by an orc warrior

Skill      XL: |  1  2  3  4  5  6  7 |
---------------+----------------------+-----
Fighting       | 4 5 |  5.9
Polearms       | 4 5 |  5.9
Axes           | 3 5 |  5.0
Dodging        | |  2.7

Action                   |  1- 3 |  4- 6 |  7- 9 || total
-------------------------+-------+-------+-------++-------
Melee: Spear             |   110 |   121 |       ||   231
       Tailslap          |    15 |    25 |    10 ||    50
       Battleaxe         |       |    86 |    57 ||   143
Invok: Berserk           |       |     2 |     2 ||     4
 Stab: Sleeping          |     1 |       |       ||     1
  Eat: Chunk             |     1 |     3 |     1 ||     5
       Bread ration      |       |     1 |       ||     1
       Meat ration       |       |       |     1 ||     1
Armor: Skin              |    25 |    46 |    11 ||    82
Dodge: Dodged            |    51 |   120 |    29 ||   200
